 Dungeon Crawl Stone Soup version 0.23-a0-396-g5214e5f (webtiles) character file.

880 galech the Chopper (level 7, -9/55 HPs)
             Began as a Demonspawn Fighter on Nov 2, 2018.
             Killed by divine providence
             ... invoked by an orc priest
              (14 damage)
             ... on level 5 of the Dungeon.
             The game lasted 00:07:19 (5579 turns).

galech the Chopper (Demonspawn Fighter)             Turns: 5579, Time: 00:07:20

Health: -9/55      AC: 10    Str: 16    XL:     7   Next: 75%
Magic:  7/7        EV: 10    Int: 10    God:
Gold:   205        SH:  9    Dex: 14    Spells: 6/6 levels left

rFire    + . .     SeeInvis .   a - +0 war axe
rCold    . . .     Gourm    .   c - +0 shield
rNeg     . . .     Faith    +   u - +1 scale mail {rF+}
rPois    .         Spirit   .   d - +0 helmet
rElec    .         Reflect  .   (no cloak)
rCorr    .         Harm     .   g - +0 pair of gloves
MR       .....                  (no boots)
Stlth    +.........             z - amulet of faith
HPRegen  0.18/turn              t - ring of stealth
MPRegen  0.10/turn              (no ring)

@: no status effects
A: claws 1, repulsion field 1, powered by pain 2
a: no special abilities


You were on level 5 of the Dungeon.
You were not hungry.

You visited 1 branch of the dungeon, and saw 5 of its levels.

You collected 205 gold pieces.

Inventory:

Hand Weapons
 a - a +0 war axe (weapon)
Armour
 c - a +0 shield (worn)
 d - a +0 helmet (worn)
 g - a +0 pair of gloves (worn)
 r - a +0 chain mail
 u - a +1 scale mail of fire resistance (worn)
Jewellery
 t - a ring of stealth (left hand)
 z - an amulet of faith (around neck)
 A - an uncursed ring of ice
Wands
 w - a wand of digging (2)
 y - a wand of paralysis (7)
Scrolls
 e - a scroll of blinking
 i - 5 scrolls of teleportation
 j - 3 scrolls of identify
 k - 3 scrolls of remove curse
 n - 2 scrolls of enchant weapon
 q - a scroll of fog
 v - a scroll of random uselessness
 x - a scroll of magic mapping
 B - 2 scrolls of amnesia {unknown}
Potions
 h - a potion of invisibility {unknown}
 l - a potion of heal wounds {unknown}
 m - 3 potions of flight {unknown}
 o - 2 potions of agility {unknown}
 p - 2 potions of ambrosia {unknown}
 s - a potion of brilliance {unknown}
Comestibles
 b - 3 chunks of flesh
 f - 6 rations


   Skills:
 + Level 4.4 Fighting
 + Level 5.1 Axes
 + Level 4.7 Armour
 + Level 1.6 Dodging
 + Level 0.4 Stealth
 + Level 4.3 Shields


You had 6 spell levels left.
You didn't know any spells.
Your spell library contained the following spells:

 Spells                   Type           Power        Failure   Level  Hunger
 Confusing Touch          Hex            #.....       99%         1    ##.....
 Confuse                  Hex            #.......     100%        3    ####...
 Gell's Gravitas          Tloc           #.........   100%        3    ####...
 Petrify                  Tmut/Erth      #.......     100%        4    #####..
 Metabolic Englaciation   Hex/Ice        #.........   100%        5    ######.
 Yara's Violent Unravell  Hex/Tmut       #.........   100%        5    ######.


Dungeon Overview and Level Annotations

Branches:
Dungeon (5/15)
 Temple: D:4-7

Altars:
Hepliaklqana
Nemelex Xobeh

Shops:
D:5 *


Innate Abilities, Weirdness & Mutations

You have sharp fingernails.
You are surrounded by a mild repulsion field. (EV +2)
You sometimes gain power by taking damage.


Message History

The orc hits you from afar with a +0 trident.
The orc priest closely misses you.
You hit the orc priest.
The orc priest is severely wounded.
The orc hits you from afar with a +0 trident.
* * * LOW HITPOINT WARNING * * *
The orc priest barely misses you.
You hit the orc priest.
The orc priest is almost dead.
The orc hits you but does no damage.
The orc priest invokes the aid of Beogh against you.
Beogh smites you!
* * * LOW HITPOINT WARNING * * *
The orc hits you but does no damage.
Okay, then.
You closely miss the orc priest.
The orc priest is almost dead.
The orc priest invokes the aid of Beogh against you.
Beogh smites you!
You die...

. #................. .
#......).......... ...
#....o.##.......... ...
.....o##.......... ..
....o##.......... .
#.#'###...##.......... .
#.........##.......... ...
#........o###.#.......
...#.#........oo@..........
...#...........###.....##. ...
#.......###...=..(.#
#####.......###........#
......>.....##.........#
............##...#######
............##...#############
............##...##..........#
...########......##..........#


You could see an orc priest and 2 orcs.

Vanquished Creatures
  An ogre (D:5)
  A phantom (D:5)
  A big kobold (D:3)
  2 crimson imps (D:5)
  2 hounds (D:5)
  A centaur skeleton (D:4)
  Natasha (thrice) (D:3)
  3 iguanas
  2 orc wizards (D:4)
  4 worker ants
  A hound skeleton (D:5)
  3 gnolls (D:3)
  5 adders
  A river rat (D:4)
  4 worms
  2 dart slugs
  A leopard gecko (D:3)
  12 orcs
  2 ball pythons
  7 giant cockroaches
  7 hobgoblins
  8 jackals
  10 kobolds
  4 quokkas
  10 bats
  2 frilled lizards
  11 goblins
  A leopard gecko skeleton (D:4)
  6 rats
117 creatures vanquished.

Notes
Turn   | Place    | Note
-------+----------+-------------------------------------------
     0 | D:1      | galech the Demonspawn Fighter began the quest for the Orb.
     0 | D:1      | Reached XP level 1. HP: 18/18 MP: 1/1
    79 | D:1      | Found a sparkling altar of Nemelex Xobeh.
   223 | D:1      | Reached skill level 2 in Axes
   313 | D:1      | Gained mutation: You sometimes gain a little power by
                  | taking damage. [demonic ancestry]
   313 | D:1      | Reached XP level 2. HP: 24/24 MP: 2/2
   974 | D:2      | Reached XP level 3. HP: 14/29 MP: 3/3
  2114 | D:3      | Found a hazy altar of Hepliaklqana.
  2164 | D:3      | Reached XP level 4. HP: 34/35 MP: 4/4
  2406 | D:3      | Noticed Natasha
  2425 | D:3      | Killed Natasha
  2425 | D:3      | Reached skill level 3 in Axes
  2617 | D:3      | Gained mutation: You are surrounded by a mild repulsion
                  | field. (EV +2) [demonic ancestry]
  2617 | D:3      | Reached XP level 5. HP: 41/41 MP: 5/5
  2629 | D:3      | Noticed Natasha
  2637 | D:3      | Killed Natasha
  2649 | D:3      | Noticed Natasha
  2672 | D:3      | Killed Natasha
  3207 | D:3      | Gained mutation: You sometimes gain power by taking damage.
                  | [demonic ancestry]
  3207 | D:3      | Reached XP level 6. HP: 43/47 MP: 6/6
  3763 | D:4      | Found a glowing drain.
  3908 | D:4      | Reached skill level 4 in Axes
  3908 | D:4      | Reached skill level 1 in Dodging
  4750 | D:5      | Entered Level 5 of the Dungeon
  4792 | D:5      | Gained mutation: You have sharp fingernails. [demonic
                  | ancestry]
  4792 | D:5      | Reached XP level 7. HP: 52/54 MP: 7/7
  5076 | D:5      | Found Archirch's General Store.
  5343 | D:5      | Reached skill level 5 in Axes
  5579 | D:5      | Killed from afar by an orc priest

Vault maps used:
D:1:      minmay_arrival_stair_chambers, nemelex_altar_shiori
D:3:      cheibrodos_thug_alley, lemuel_round_altar, first_ration,
          grunt_decor_mini_mirrors, minivault_4, chequers_serial_rivers_micro_e,
          uniq_natasha
D:4:      portal_sewer_entry_a
D:5:      serial_shops, nicolae_shop_stone

Skill      XL: |  1  2  3  4  5  6  7 |
---------------+----------------------+-----
Axes           | 2 3 4 5 |  5.1
Armour         | 3 4 |  4.7
Shields        | 3 4 |  4.3
Dodging        | 1 |  1.6
Fighting       | 4 |  4.4
Stealth        | |  0.4

Action                   |  1- 3 |  4- 6 |  7- 9 || total
-------------------------+-------+-------+-------++-------
Melee: War axe           |   163 |   265 |   117 ||   545
  Use: Potion            |       |     1 |       ||     1
       Scroll            |       |     8 |       ||     8
  Eat: Chunk             |     4 |     9 |     3 ||    16
Armor: Scale mail        |    29 |    89 |    44 ||   162
       Chain mail        |    55 |    40 |       ||    95
Dodge: Dodged            |    39 |    98 |    44 ||   181
Block: Shield            |    82 |   115 |    54 ||   251

Table legend:
 A = Non-vault XP
 B = Vault XP
 C = Vault XP percentage of total XP
 D = Non-vault monster count
 E = Vault monster count
 F = Vault count percentage of total count
                 A         B        C        D         E       F
            +---------+---------+-------+---------+---------+-------
      Total |    1090 |     168 |  13.4 |     104 |      13 |  11.1
            +---------+---------+-------+---------+---------+-------
        D:1 |      22 |       0 |   0.0 |      13 |       0 |   0.0
        D:2 |      41 |       0 |   0.0 |      18 |       0 |   0.0
        D:3 |     220 |     139 |  38.7 |      37 |       8 |  17.8
        D:4 |     226 |      29 |  11.4 |      17 |       5 |  22.7
        D:5 |     581 |       0 |   0.0 |      19 |       0 |   0.0
            +---------+---------+-------+---------+---------+-------
